 Dungeon Crawl Stone Soup version 0.30.1-4-g462c640d31 (webtiles) character file.

Game seed: 14739275037021931943

7581 Mune the Severer (level 10, -4/77 HPs)
             Began as a Minotaur Berserker on Aug 12, 2023.
             Was a High Priest of Trog.
             Succumbed to their own poison gas
             ... on level 10 of the Dungeon.
             The game lasted 00:19:33 (8224 turns).

Mune the Severer (Minotaur Berserker)               Turns: 8224, Time: 00:19:34

Health: -4/77      AC: 17    Str: 25    XL:     10   Next: 97%
Magic:  9/9        EV:  9    Int:  4    God:    Trog [*****.]
Gold:   510        SH:  0    Dex: 11    Spells: 9/9 levels left

rFire   + . .        L - +3 executioner's axe (flame)
rCold   + . .        (shield currently unavailable)
rNeg    . . .        t - +0 chain mail
rPois   .            (helmet restricted)
rElec   .            y - scarf {rC+ rF+}
rCorr   .            g - +0 pair of gloves
SInv    .            (no boots)
Will    ++...        l - amulet of faith Stlth
                     h - +4 ring of protection
HPRegen 1.32/turn    w - +4 ring of slaying
MPRegen 0.11/turn

%: faith
@: mighty, lethally poisoned (-4 -> -16), strong-willed, on berserk cooldown,
regenerating, slowed, very slow
A: horns 2, retaliatory headbutt
a: Renounce Religion, Berserk, Trog's Hand, Brothers in Arms


You were on level 10 of the Dungeon.
You worshipped Trog.
Trog was extremely pleased with you.
You visited 1 branch of the dungeon, and saw 10 of its levels.

You collected 510 gold pieces.

Inventory:

Hand Weapons
 e - a +0 antimagic broad axe
 D - the +5 mace "Raawel" {pain, +Blink rF+ rN+}
   (You found it on level 4 of the Dungeon)

   rF:        It protects you from fire.
   rN:        It protects you from negative energy.
   +Blink:    It lets you blink.
   Trog disapproves of the use of such an item.
 L - a +3 executioner's axe of flaming (weapon)
 O - the +9 shortbow of Bodily Humours {drain, rElec rN+ Str+3 Int-4}
   (You found it on level 9 of the Dungeon)

   Str:       It affects your strength (+3).
   Int:       It affects your intelligence (-4).
   rElec:     It insulates you from electricity.
   rN:        It protects you from negative energy.
Missiles
 P - a throwing net (quivered)
Armour
 g - a +0 pair of gloves (worn)
 t - a +0 chain mail (worn)
 y - a scarf of resistance (worn)
Jewellery
 c - a +6 ring of dexterity
 f - a +4 ring of protection
 h - a +4 ring of protection (left hand)
 l - an amulet of faith (around neck)
 o - a +6 ring of dexterity
 u - a ring of poison resistance
 w - a +4 ring of slaying (right hand)
Wands
 a - a wand of polymorph (7)
 N - a wand of flame (31)
 Q - a wand of roots (4)
Scrolls
 b - 2 scrolls of fear {unknown}
 i - 3 scrolls of teleportation {unknown}
 m - a scroll of brand weapon
 q - 2 scrolls of enchant weapon
 r - 2 scrolls of enchant armour {unknown}
 s - a scroll of torment {unknown}
 z - a scroll of vulnerability
 A - 5 scrolls of poison
 G - a scroll of immolation {unknown}
 H - a scroll of noise {unknown}
 J - 2 scrolls of magic mapping
 K - 2 scrolls of identify
 M - a scroll of blinking {unknown}
Potions
 d - 2 potions of invisibility {unknown}
 j - 2 potions of might
 k - a potion of curing
 n - a potion of attraction {unknown}
 p - 2 potions of resistance {unknown}
 v - 2 potions of cancellation {unknown}
 x - a potion of mutation {unknown}
 B - 2 potions of brilliance {unknown}
 C - 2 potions of heal wounds {unknown}
 E - 5 potions of degeneration
 F - 3 potions of haste {unknown}
 I - a potion of magic {unknown}


   Skills:
 - Level 3.6 Fighting
 * Level 16.5 Axes
 + Level 11.9 Armour
 - Level 2.1 Dodging


You had 9 spell levels left.
You didn't know any spells.
Your spell library contained the following spells:

 Spells                   Type           Power      Damage    Failure   Level
 Mephitic Cloud           Conj/Pois/Air  0%         N/A       99%         3
 Summon Forest            Summ/Tloc      0%         N/A       100%        5
 Monstrous Menagerie      Summ           0%         N/A       100%        7


Dungeon Overview and Level Annotations

Branches:
Dungeon (10/15)            Temple (0/1) D:7
   Lair: D:8-11         Orc: D:9-12

Altars:
Dithmenos
Fedhas
Hepliaklqana
Makhleb
Qazlal
Ru
Trog
Uskayaw
Vehumet
Wu Jian
Xom
Zin
The Shining One

Shops:
D:7 ?   D:8 [   D:9 *

Annotations:
D:5 2 runed translucent doors
D:8 1 runed translucent door


Innate Abilities, Weirdness & Mutations

You have a pair of horns on your head.
You reflexively headbutt those who attack you in melee.


Message History

The killer bee is engulfed in poison gas.
The killer bee looks even sicker.
The killer bee is engulfed in poison gas.
The killer bee looks even sicker.
The elephant tramples you!
You stumble backwards!
You hit the elephant. You burn the elephant. You headbutt the elephant!
The elephant is heavily wounded.
You are engulfed in poison gas.
You are poisoned.
You feel very sick.
The killer bee is engulfed in poison gas.
The killer bee looks as sick as possible!
The elephant completely misses you.
The elephant trunk-slaps you but does no damage.
You hit the elephant. You burn the elephant. You headbutt the elephant!
The elephant is severely wounded.
You are engulfed in poison gas.
You are more poisoned.
* * * LOW HITPOINT WARNING * * *
x2 You feel extremely sick.
You kill the killer bee!
Trog accepts your kill. The elephant tramples you.
* * * LOW HITPOINT WARNING * * *
You stumble backwards!
The elephant is engulfed in poison gas.
The elephant looks even sicker.
The elephant tramples you but does no damage.
The elephant trunk-slaps you but does no damage.
You feel better.
You are engulfed in poison gas.
You are poisoned.
* * * LOW HITPOINT WARNING * * *
You feel very sick.
The elephant is engulfed in poison gas.
The elephant looks as sick as possible!
The elephant tramples you but does no damage.
The elephant trunk-slaps you but does no damage.
It was a potion of might.
You feel very mighty all of a sudden.
You are engulfed in poison gas.
You are lethally poisoned!
* * * LOW HITPOINT WARNING * * *
You die...

#............# #....
#............# #....
#...........÷###...†
#☼§§§§§°§...÷.##....
#§°°§§§§#..##÷...... .
+§○°☼°§☼##..#....... ..
#☼§☼○§○°##..##......
○°☼##§§☼☼§§○°#..##......
°§☼§☼☼○@○§§§§##..##.....
☼°°§☼§°Y°○§§°§##..#..[.#
○○§○§°○.##.._.##..#....#
########'###...##..#....#
.......§§°....##..##
.......§.§.#(.##).#
...:...○○☼.#.##..##
......○§°°○# #..#
...........# #..#.....#


You could see an elephant (extremely poisoned).

Vanquished Creatures
  A kobold demonologist (D:9)
  2 trolls
  A hornet (D:10)
  Sigmund (D:6)
  14 yaks (D:10)
  2 wyverns (D:9)
  A basilisk (D:10)
  Menkaure (D:7)
  A water moccasin (D:7)
  2 black bears (D:6)
  2 orc warriors
  A sky beast (D:7)
  2 centaurs
  A phantom (D:6)
  2 kobold brigands (D:8)
  A bullfrog (D:5)
  3 scorpions (D:5)
  2 wights (D:9)
  20 killer bees
  A howler monkey (D:5)
  A crimson imp (D:8)
  3 jellies
  7 hounds
  Crazy Yiuf (D:5)
  6 orc priests
  A gnoll bouda (D:9)
  7 iguanas
  3 sleepcaps
  Ijyb (D:3)
  13 orc wizards
  10 gnolls
  7 adders
  3 white imps
  3 worms
  6 dart slugs
  48 orcs
  12 endoplasms
  2 giant cockroaches
  10 goblins
  8 hobgoblins
  14 jackals
  12 kobolds
  9 quokkas
  3 ball pythons
  10 bats
  2 frilled lizards
  5 rats
268 creatures vanquished.

Vanquished Creatures (collateral kills)
  A gnoll sergeant (D:9)
  3 wights (D:9)
  4 gnolls (D:9)
  2 orcs (D:10)
10 creatures vanquished.

Grand Total: 278 creatures vanquished

Notes
Turn   | Place    | Note
-------+----------+-------------------------------------------
     0 | D:1      | Mune the Minotaur Berserker began the quest for the Orb.
     0 | D:1      | Reached XP level 1. HP: 19/19 MP: 0/0
    52 | D:1      | Reached skill level 4 in Axes
   145 | D:1      | Reached XP level 2. HP: 22/26 MP: 1/1
   372 | D:1      | Reached XP level 3. HP: 31/31 MP: 2/2
   619 | D:1      | Reached ** piety under Trog
   815 | D:2      | Reached skill level 5 in Axes
   940 | D:2      | Found a faded altar of an unknown god.
   972 | D:2      | Reached XP level 4. HP: 39/39 MP: 3/3
  1345 | D:3      | Found a hide-covered altar of Uskayaw.
  1345 | D:3      | Found a stormy altar of Qazlal.
  1345 | D:3      | Found a hazy altar of Hepliaklqana.
  1453 | D:3      | Reached *** piety under Trog
  1608 | D:3      | Noticed Ijyb
  1624 | D:3      | Killed Ijyb
  1625 | D:3      | Reached skill level 6 in Axes
  1995 | D:3      | Reached XP level 5. HP: 41/45 MP: 4/4
  2491 | D:4      | Found a glowing golden altar of the Shining One.
  2501 | D:4      | Found a radiant altar of Vehumet.
  2513 | D:4      | Reached **** piety under Trog
  2554 | D:4      | Identified the staff of conjuration "Laogg" {Int+4 Dex+3}
  2570 | D:4      | Reached skill level 7 in Axes
  2628 | D:4      | Reached XP level 6. HP: 51/51 MP: 5/5
  2832 | D:4      | Identified the +5 mace "Raawel" {pain, +Blink rF+ rN+}
  2998 | D:5      | Entered Level 5 of the Dungeon
  3056 | D:5      | Reached skill level 5 in Armour
  3099 | D:5      | Reached skill level 8 in Axes
  3246 | D:5      | Found a runed translucent door.
  3247 | D:5      | Noticed Crazy Yiuf
  3370 | D:5      | Killed Crazy Yiuf
  3371 | D:5      | Reached XP level 7. HP: 54/57 MP: 6/6
  3639 | D:5      | Found a large runed translucent door.
  3640 | D:5      | Found a large runed translucent door.
  3645 | D:5      | Found a large runed translucent door.
  3645 | D:5      | Found a large runed translucent door.
  3746 | D:5      | Got Dythuici's Treatise on the Galvanic Entourage
  3778 | D:5      | Reached skill level 9 in Axes
  3935 | D:5      | Reached ***** piety under Trog
  3947 | D:5      | Reached XP level 8. HP: 48/64 MP: 2/7
  3953 | D:5      | Reached skill level 10 in Axes
  4177 | D:6      | Noticed Sigmund
  4369 | D:6      | Killed Sigmund
  4400 | D:6      | Reached skill level 11 in Axes
  4461 | D:6      | Found a sacrificial altar of Ru.
  4845 | D:7      | Found Fuedetel's Magic Scroll Boutique.
  4881 | D:7      | Found a staircase to the Ecumenical Temple.
  4982 | D:7      | Reached skill level 12 in Axes
  4982 | D:7      | Reached XP level 9. HP: 35/70 MP: 2/8
  5005 | D:7      | Received a gift from Trog
  5272 | D:7      | Found a shimmering altar of Xom.
  5326 | D:7      | Noticed Menkaure
  5330 | D:7      | Killed Menkaure
  5701 | D:8      | Reached skill level 13 in Axes
  5865 | D:8      | Found Buet's Armour Shop.
  6155 | D:8      | Noticed a troll
  6156 | D:8      | Found a runed translucent door.
  6158 | D:8      | Noticed a boulder beetle
  6158 | D:8      | Noticed an efreet
  6158 | D:8      | Noticed a yaktaur
  6158 | D:8      | Noticed a freezing wraith
  6158 | D:8      | Noticed a rakshasa
  6158 | D:8      | Found the +6 Majin-Bo {spellvamp, MP+6 Int+6}
  6270 | D:8      | Found a burning altar of Makhleb.
  6882 | D:9      | Noticed a troll
  6889 | D:9      | Killed a troll
  6890 | D:9      | Reached skill level 14 in Axes
  6890 | D:9      | Reached skill level 10 in Armour
  6947 | D:9      | Found Zin's Purification Station.
  6948 | D:9      | Found a glowing silver altar of Zin.
  7110 | D:9      | Identified the +9 shortbow of Bodily Humours {drain, rElec
                  | rN+ Str+3 Int-4}
  7238 | D:9      | Noticed a kobold demonologist
  7249 | D:9      | Reached XP level 10. HP: 77/77 MP: 9/9
  7253 | D:9      | Noticed a sun demon
  7612 | D:9      | Found a shadowy altar of Dithmenos.
  7612 | D:9      | Found a blossoming altar of Fedhas.
  7876 | D:10     | Entered Level 10 of the Dungeon
  7895 | D:10     | Reached skill level 15 in Axes
  8015 | D:10     | Reached skill level 16 in Axes
  8124 | D:10     | Found an ornate altar of the Wu Jian Council.
  8182 | D:10     | Found a bloodstained altar of Trog.
  8211 | D:10     | Noticed an elephant
  8224 | D:10     | HP: 1/77 [cloud of poison gas (6)]
  8224 | D:10     | Succumbed to their own poison gas

Illustrated notes

Levels and vault maps discovered:
D:1:      heliophobic_arrival_enchanted_forest, layout_loops_ring, minivault_23,
          corner_web_ring
D:2:      layout_basic, dreamdust_ecumenical_altar_grove, grunt_ministairs_11
D:3:      layout_basic, gammafunk_temple_overflow_claw, serial_forest,
          infiniplex_forest_lined_3, infiniplex_forest_clump_double,
          infiniplex_forest_straight_3, infiniplex_forest_straight_4,
          infiniplex_forest_lined_2, uniq_ijyb
D:4:      layout_gridville, tso_metal_star, lemuel_crystal_altar,
          grunt_ministairs_3
D:5:      layout_loops_ring, minmay_misc_feat_four_crosses,
          minmay_hollow_rounded_squares, uniq_crazy_yiuf_cottage
D:6:      layout_rooms, mainiacjoe_overflow_brackets, serial_bayou_pond_a,
          uniq_sigmund
D:7:      layout_loops_ring, mainiacjoe_overflow_boulevard, temple_pool_b,
          serial_glass, glass_columns_b, glass_columns_b, serial_shops, shop,
          uniq_menkaure
D:8:      minmay_gate_of_8, layout_loops_ring, makhleb_grotto_becter,
          serial_shops, shop, blue_anna_alchemist
D:9:      layout_basic, zin_purify, amethyst_overflow_temple_binary
D:10:     layout_basic, mainiacjoe_overflow_catch_the_wave, david_lair_generic,
          nicolae_shop_firing_range

Skill      XL: |  1  2  3  4  5  6  7  8  9 10 |
---------------+-------------------------------+-----
Axes           | 4 5 6 7 8 9 12 14 16 | 16.5
Armour         | 3 4 5 6 8 10 11 | 11.9
Fighting       | |  3.6
Dodging        | |  2.1

Action                     |  1- 3 |  4- 6 |  7- 9 | 10-12 || total
---------------------------+-------+-------+-------+-------++-------
  Melee: Hand axe          |    84 |    50 |       |       ||   134
         Headbutt          |    15 |    12 |    37 |    16 ||    80
         Punch             |     1 |       |     2 |       ||     3
         Battleaxe         |       |    86 |    32 |       ||   118
         Unarmed           |       |    14 |       |       ||    14
         Broad axe         |       |       |    97 |       ||    97
         Executioner's axe |       |       |   116 |    64 ||   180
 Invoke: Berserk           |     2 |     1 |     4 |     2 ||     9
         Trog's Hand       |       |       |     6 |     3 ||     9
         Brothers in Arms  |       |       |     1 |     1 ||     2
    Use: Scroll            |       |       |     5 |     2 ||     7
         Potion            |       |       |       |     3 ||     3
   Stab: Sleeping          |     1 |     2 |       |       ||     3
 Armour: Animal skin       |    25 |    17 |       |       ||    42
         Chain mail        |       |    93 |   191 |    81 ||   365
         Skin              |       |     4 |       |       ||     4
  Dodge: Dodged            |    53 |    68 |   138 |    48 ||   307
